 Dungeon Crawl Stone Soup version 0.24.0-125-gc4c63601f3 (webtiles) character file.

Game seed: 2841098978232982591, levelgen mode: deterministic

957 BuffBuff the Chopper (level 7, -22/63 HPs)
             Began as a Minotaur Berserker on Mar 19, 2020.
             Was a Priest of Trog.
             Engulfed by a cloud of freezing vapour (27 damage)
             ... on level 6 of the Dungeon.
             The game lasted 00:09:54 (4738 turns).

BuffBuff the Chopper (Minotaur Berserker)           Turns: 4738, Time: 00:09:54

Health: -22/63     AC: 14    Str: 24    XL:     7   Next: 91%
Magic:  6/6        EV:  8    Int:  4    God:    Trog [***...]
Gold:   235        SH:  2    Dex:  9    Spells: 6/6 levels left

rFire    . . .     SeeInvis .   r - +0 long sword "Paygitz" {flame, +Rage rPois}
rCold    . . .     Gourm    .   x - +0 buckler
rNeg     . . .     Faith    .   o - +1 plate armour
rPois    +         Spirit   .   (helmet restricted)
rElec    .         Reflect  .   (no cloak)
rCorr    .         Harm     .   y - +0 pair of gloves
MR       .....                  (no boots)
Stlth    ..........             (no amulet)
HPRegen  0.20/turn              (no ring)
MPRegen  0.10/turn              (no ring)

@: no status effects
A: retaliatory headbutt, horns 2
a: Berserk, Trog's Hand, Renounce Religion, Evoke Berserk Rage


You were on level 6 of the Dungeon.
You worshipped Trog.
Trog was most pleased with you.
You were not hungry.

You visited 1 branch of the dungeon, and saw 6 of its levels.

You collected 235 gold pieces.

Inventory:

Hand Weapons
 a - a +1 hand axe
 h - a +0 battleaxe
 r - the +0 long sword "Paygitz" (weapon) {flame, +Rage rPois}
   (You found it on level 4 of the Dungeon)

   It has been specially enchanted to burn those struck by it, causing extra
   injury to most foes and up to half again as much damage against particularly
   susceptible opponents.
   Big, fiery blades are also staple armaments of hydra-hunters.
   It protects you from poison.
   It lets you go berserk.
Missiles
 A - 12 poisoned darts (quivered)
Armour
 o - a +1 plate armour (worn)
 x - a +0 buckler (worn)
 y - a +0 pair of gloves (worn)
Jewellery
 z - an uncursed amulet of rage {unknown}
Scrolls
 b - a scroll of identify
 d - 2 scrolls of remove curse
 f - 2 scrolls of enchant weapon
 p - 2 scrolls of teleportation
 s - 2 scrolls of magic mapping {unknown}
 t - a scroll of fear {unknown}
 u - a scroll of blinking {unknown}
 v - a scroll of immolation {unknown}
Potions
 e - 3 potions of curing {unknown}
 g - a potion of degeneration {unknown}
 i - a potion of ambrosia {unknown}
 j - a potion of brilliance {unknown}
 k - 2 potions of magic {unknown}
 m - a potion of might {unknown}
 n - 2 potions of haste
 q - a potion of invisibility {unknown}
Comestibles
 c - 8 rations
 l - 2 chunks of flesh


   Skills:
 + Level 6.1 Fighting
 * Level 7.8 Axes
 + Level 5.4 Armour
 + Level 4.8 Dodging


You had 6 spell levels left.
You didn't know any spells.
Your spell library was empty.

Dungeon Overview and Level Annotations

Branches:
Dungeon (6/15)             Temple (0/1) D:5

Altars:
Dithmenos
Fedhas
Kikubaaqudgha
Nemelex Xobeh
Ru
Sif Muna
Trog
Yredelemnul
The Shining One

Shops:
D:5 *


Innate Abilities, Weirdness & Mutations

You reflexively headbutt those who attack you in melee.
You have a pair of horns on your head.


Message History

There is a large open door here.
As you open the door, it creaks loudly!
Really walk into a travel-excluded area?
There is an open door here.
Really walk into that cloud of freezing vapour?
You are engulfed in freezing vapours.
There is an open door here.
You start resting.
HP restored.
Really walk into a travel-excluded area?
There is an open door here.
You are engulfed in freezing vapours.
You are engulfed in freezing vapours.
You are engulfed in freezing vapours.
You are engulfed in freezing vapours.
* * * LOW HITPOINT WARNING * * *
You are engulfed in freezing vapours.
* * * LOW HITPOINT WARNING * * *
You start resting.
You are engulfed in freezing vapours.
You die...

.........................#
.............####.####.###
######.....######.####.#
#.....#.........#.#
######.....#.........#.#
#..........#.........#.#
#.####....>#............
#'###################
.........☼☼§§§§§@§.##
##################§##
$$$$$....§§§§☼☼☼☼☼☼##
#####################
#####################


There were no monsters in sight!

Vanquished Creatures
  Edmund (D:6)
  Menkaure (D:5)
  2 ice beasts
  An ogre (D:5)
  Blork the orc (D:5)
  A howler monkey (D:5)
  A crimson imp (D:6)
  An iguana (D:5)
  6 worker ants
  3 gnolls (D:4)
  3 adders
  2 oozes
  An adder zombie (D:5)
  A worm (D:3)
  A leopard gecko (D:2)
  10 orcs
  5 giant cockroaches
  6 goblins
  3 hobgoblins
  12 jackals
  3 kobolds
  3 quokkas
  A ball python (D:4)
  A bat (D:2)
  3 frilled lizards (D:1)
  A leopard gecko skeleton (D:4)
  3 rats
77 creatures vanquished.

Notes
Turn   | Place    | Note
-------+----------+-------------------------------------------
     0 | D:1      | BuffBuff the Minotaur Berserker began the quest for the
                  | Orb.
     0 | D:1      | Reached XP level 1. HP: 19/19 MP: 0/0
   412 | D:1      | Reached XP level 2. HP: 26/27 MP: 1/1
   589 | D:1      | Reached skill level 4 in Axes
  1102 | D:2      | Reached XP level 3. HP: 33/33 MP: 2/2
  1150 | D:2      | Found a shimmering blue altar of Sif Muna.
  1223 | D:2      | Found a shadowy altar of Dithmenos.
  1351 | D:2      | Found an ancient bone altar of Kikubaaqudgha.
  1447 | D:2      | Found a bloodstained altar of Trog.
  1626 | D:3      | Found a sparkling altar of Nemelex Xobeh.
  1638 | D:3      | Reached ** piety under Trog
  1862 | D:3      | Found a shadowy altar of Dithmenos.
  1862 | D:3      | Found a blossoming altar of Fedhas.
  1863 | D:3      | Found a sacrificial altar of Ru.
  1870 | D:3      | Found a basalt altar of Yredelemnul.
  2332 | D:4      | Reached XP level 4. HP: 36/40 MP: 3/3
  2387 | D:4      | Got a crystal long sword
  2387 | D:4      | Identified the cursed +0 long sword "Paygitz" {flame, +Rage
                  | rPois} (You found it on level 4 of the Dungeon)
  2430 | D:4      | Reached skill level 5 in Axes
  2442 | D:4      | Reached XP level 5. HP: 41/47 MP: 4/4
  2953 | D:5      | Entered Level 5 of the Dungeon
  3181 | D:5      | Noticed an ogre
  3191 | D:5      | Killed an ogre
  3191 | D:5      | Reached skill level 5 in Fighting
  3191 | D:5      | Reached skill level 6 in Axes
  3191 | D:5      | Reached XP level 6. HP: 21/56 MP: 5/5
  3383 | D:5      | Found a staircase to the Ecumenical Temple.
  3398 | D:5      | Noticed Menkaure
  3402 | D:5      | Killed Menkaure
  3505 | D:5      | Noticed Blork the orc
  3529 | D:5      | Killed Blork the orc
  3529 | D:5      | Reached XP level 7. HP: 23/61 MP: 6/6
  3720 | D:5      | Found Xoischeu's Assorted Antiques.
  3943 | D:5      | Reached skill level 7 in Axes
  4074 | D:5      | Reached *** piety under Trog
  4181 | D:6      | Reached skill level 5 in Armour
  4221 | D:6      | Noticed Edmund
  4234 | D:6      | Killed Edmund
  4578 | D:6      | Found a glowing golden altar of the Shining One.
  4730 | D:6      | HP: 3/63 [something (14)]
  4738 | D:6      | Engulfed by a cloud of freezing vapour

Levels and vault maps discovered:
D:1:      sevenhm_arrival_forest_fort_small_5, layout_basic
D:2:      cheibrodos_old_hovel, layout_rooms, led_sif_pool,
          lightli_temple_of_fire, kiku_gazebo_pond_becter,
          chequers_serial_rivers_micro_b,
          nicolae_dithmenos_through_a_glass_darkly
D:3:      layout_loops_ring, nicolae_overflow_quartered_altars,
          nemelex_xobeh_ov_fountains_minmay
D:4:      layout_cave_pools
D:5:      layout_basic, minmay_temple_entry_wispy, first_ration, serial_shops,
          shop_fountains, serial_rivers, chequers_serial_rivers_micro_e,
          chequers_serial_rivers_micro_b, chequers_serial_rivers_micro_a,
          chequers_serial_rivers_small_b, chequers_serial_rivers_micro_c,
          uniq_blork_the_orc, uniq_menkaure
D:6:      lemuel_ice_spiral_2, layout_basic, tso_altar,
          kennysheep_generic_room_4, uniq_edmund

Skill      XL: |  1  2  3  4  5  6  7 |
---------------+----------------------+-----
Axes           | 4 5 6 7 |  7.8
Fighting       | 4 5 6 |  6.1
Armour         | 3 4 5 |  5.4
Dodging        | 3 4 |  4.8

Action                   |  1- 3 |  4- 6 |  7- 9 || total
-------------------------+-------+-------+-------++-------
Melee: Hand axe          |    96 |    12 |       ||   108
       Headbutt          |    14 |    17 |    12 ||    43
       Long sword        |       |    72 |    50 ||   122
Invok: Berserk           |       |       |     1 ||     1
  Use: Scroll            |     6 |     1 |       ||     7
  Eat: Chunk             |     4 |     4 |     5 ||    13
Armor: Animal skin       |     3 |       |       ||     3
       Ring mail         |    13 |       |       ||    13
       Plate armour      |    23 |    59 |    31 ||   113
Dodge: Dodged            |    50 |    32 |    23 ||   105
Block: Buckler           |       |       |     3 ||     3
       Rpst.: Long sword |       |     6 |     8 ||    14
